 Dungeon Crawl Stone Soup version 0.20-a0-2-g2b0e13a (webtiles) character file.

61744 Zenonira the Severer (level 15, -7/122 HPs)
             Began as a Formicid Fighter on Oct 28, 2016.
             Was the Champion of Cheibriados.
             Killed by divine providence
             ... invoked by an orc priest
             ... led by an orc warlord
              (14 damage)
             ... on level 1 of the Orcish Mines.
             The game lasted 00:52:55 (23642 turns).

Zenonira the Severer (Formicid Fighter)            Turns: 23642, Time: 00:52:55

Health: -7/122     AC: 16    Str: 37    XL:     15   Next: 43%
Magic:  26/26      EV: 21    Int: 26    God:    Cheibriados [******]
Gold:   1360       SH: 15    Dex: 30    Spells: 0 memorised, 14 levels left

rFire  . . .     SeeInvis +     a - +1 war axe (drain)
rCold  . . .     Gourm    +     X - +2 ring mail "Colax" {*Slow +Inv Int+3}
rNeg   . . .     Faith    .     c - +0 shield
rPois  .         Spirit   .     (helmet unavailable)
rElec  .         Reflect  .     u - +2 cloak
rCorr  .         Harm     .     m - +2 pair of gloves
MR     +....                    F - +2 pair of boots
Stlth  +++.......               D - amulet of the gourmand
                                H - +3 ring of evasion
                                k - ring of stealth

@: drained, very slow
A: permanent stasis, dig shafts and tunnels, four strong arms, antennae 3
a: Dig, Shaft Self, Bend Time, Temporal Distortion, Slouch, Step From Time,
Renounce Religion, Evoke Invisibility


You were on level 1 of the Orcish Mines.
You worshipped Cheibriados.
Cheibriados was exalted by your worship.
You were not hungry.

You visited 4 branches of the dungeon, and saw 21 of its levels.
You also visited: Ossuary.

You collected 1360 gold pieces.

Inventory:

Hand Weapons
 a - a +1 war axe of draining (weapon)
 C - a +0 battleaxe
Missiles
 I - 5 javelins (quivered)
Armour
 c - a +0 shield (worn)
 m - a +2 pair of gloves (worn)
 u - a +2 cloak (worn)
 F - a +2 pair of boots (worn)
 X - the +2 ring mail "Colax" (worn) {*Slow +Inv Int+3}
   (You found it on level 1 of the Lair of Beasts)

   It affects your intelligence (+3).
   It lets you turn invisible.
   It may slow you when you take damage.
Jewellery
 j - a +2 ring of strength {unknown}
 k - a ring of stealth (left hand)
 s - an uncursed ring of fire
 y - an uncursed ring of protection from magic
 D - an amulet of the gourmand (around neck)
 H - a +3 ring of evasion (right hand)
 K - an uncursed ring of protection from cold
 S - an uncursed ring of ice
Wands
 b - a wand of teleportation (3/9)
 O - a wand of iceblast (5/15)
 Q - a wand of flame (27/48)
 T - a wand of paralysis (8/24)
 U - a wand of paralysis (7/24)
 V - a wand of disintegration (19/24)
 W - a wand of lightning (7/15)
Scrolls
 e - 2 scrolls of fear
 l - a scroll of amnesia
 n - 7 scrolls of identify
 o - 3 scrolls of remove curse
 v - a scroll of enchant armour
 z - 3 scrolls of fog
 N - 2 scrolls of magic mapping
Potions
 d - 4 potions of might
 h - 6 potions of brilliance
 i - 2 potions of lignification
 p - 7 potions of curing
 t - 3 potions of flight
 w - 4 potions of invisibility
 x - 4 potions of agility
Books
 P - a book of Enchantments

   Spells                             Type                      Level
   a - Cause Fear                     Hexes                        4
   b - Yara's Violent Unravelling     Hexes/Transmutation          5
   c - Silence                        Hexes/Air                    5
   d - Deflect Missiles               Charms/Air                   6
   e - Discord                        Hexes                        8
Comestibles
 f - 12 bread rations
 g - 8 royal jellies
 q - 10 meat rations
 r - 20 fruits
 A - 5 beef jerkies
 B - 2 slices of pizza


   Skills:
 + Level 12.6(11.8) Fighting
 - Level 16.0(15.2) Axes
 - Level 3.2(2.7) Armour
 + Level 7.4(6.8) Dodging
 - Level 9.0(8.3) Shields
 - Level 15.0(14.2) Invocations


You had 14 spell levels left.
You didn't know any spells.

Dungeon Overview and Level Annotations

Branches:
Dungeon (12/15)            Temple (1/1) D:6            Lair (6/6) D:8
  Slime (0/5) Lair:5          Orc (2/2) D:12            Elf (0/3) Orc:2
  Swamp: Lair:2-4    Shoals: Lair:2-4     Snake: Lair:2-4    Spider: Lair:2-4

Altars:
Ashenzari
Cheibriados
Dithmenos
Elyvilon
Fedhas
Gozag
Hepliaklqana
Kikubaaqudgha
Makhleb
Nemelex Xobeh
Okawaru
Qazlal
Ru
Sif Muna
Trog
Uskayaw
Vehumet
Xom
Yredelemnul
Zin
The Shining One

Portals:
Trove: D:10 (give 15 potions of curing)

Annotations:
D:4 varam's ghost, novice GrFi
D:12 exclusion: 4 oklob plants
Lair:4 exclusion: oklob plant


Innate Abilities, Weirdness & Mutations

You are under a permanent stasis effect.
You can dig through walls and to a lower floor.
Your four strong arms can wield two-handed weapons with a shield.
You have a pair of large antennae on your head. (SInv)


Message History

You block the orc warrior's attack.
An orc priest comes into view. It is wielding a hand axe.
You block the orc's attack.
The orc sorcerer points at you and mumbles some strange words.
The bolt of negative energy hits the orc.
The orc is drained!
The orc dies!
The bolt of negative energy hits you!
You feel drained.
* * * LOW HITPOINT WARNING * * *
You block the orc warrior's attack. x2
An orc warrior and an orc priest come into view.
Things that are here:
a dagger; a robe; 11 gold pieces The orc warrior shouts!
The orc priest shouts!
You slash the orc sorcerer! You drain the orc sorcerer!
The orc sorcerer is heavily wounded.
You hit the orc warrior but do no damage.
The orc priest mumbles some strange prayers to Beogh against you.
Beogh smites you!
You die...

... ........ .oo.8.
..............) ..o...
..............) ......
..............)
......###. #...........#
.......#.####.#.........
#.....o#...###........#.
##....o#)...###........#
#.....o@)...#...........
#......))).#....#.......
..............#####.....
........##....# ##....
........####.## ##.....
.#......# ### #.....#
......... ##.#...
......... ####.# ###


You could see an orc sorcerer, 3 orc warriors and 2 orc priests.

Vanquished Creatures
  Rupert (Lair:4)
  Kirke (Lair:5)
  An orc warlord (Orc:1)
  Josephine (Lair:5)
  6 hydras
  A tengu warrior (D:12)
  An orc high priest (Orc:1)
  A deep troll earth mage (D:12)
  Nergalle (D:12)
  An unseen horror (D:12)
  7 hill giants
  2 orc knights
  2 deep elf magi (D:12)
  3 ugly things
  A cyclops (D:12)
  An orc sorcerer (Orc:1)
  2 manticores (D:12)
  A black mamba (Lair:5)
  6 spiny frogs
  2 gargoyles (D:12)
  A torpor snail (Lair:5)
  6 rime drakes (Lair:5)
  7 komodo dragons
  3 meliai (D:12)
  A polar bear (Lair:4)
  A queen bee (D:12)
  5 trolls
  A two-headed ogre (D:9)
  A hornet (D:12)
  4 slime creatures
  15 blink frogs
  22 hippogriffs
  A shadow (D:12)
  A spriggan (D:7)
  5 wraiths
  8 wyverns
  A vampire (D:11)
  A human (Lair:5)
  41 yaks
  A wyvern (shapeshifter) (D:12)
  2 vampire mosquitoes (D:12)
  A hungry ghost (D:9)
  4 basilisks
  5 wargs
  6 porcupines
  9 water moccasins
  5 ice beasts
  A phantom (D:11)
  19 orc warriors
  4 sky beasts
  An eye of draining (D:12)
  A necrophage (D:7)
  10 ogres
  2 black bears
  21 centaurs
  4 wolves (Lair:2)
  5 crocodiles
  2 big kobolds
  12 bullfrogs
  A gnoll sergeant (D:9)
  A water moccasin zombie (D:6)
  A scorpion (D:11)
  58 killer bees
  4 wights (D:12)
  7 electric eels
  4 howler monkeys
  10 crimson imps
  7 centaur zombies
  3 bullfrog zombies
  A human zombie (Ossuary)
  4 jellies
  9 hounds
  2 centaur skeletons
  A gnoll shaman (D:8)
  14 orc priests
  23 orc wizards
  3 bullfrog skeletons
  4 iguanas
  10 worker ants
  A big kobold zombie (Ossuary)
  A hound zombie (Ossuary)
  4 mummies
  2 hound skeletons
  A worker ant zombie (D:11)
  10 adders
  10 gnolls
  4 shadow imps
  A white imp (D:9)
  7 oozes
  3 adder zombies (Ossuary)
  2 adder skeletons (D:4)
  3 worms
  3 dart slugs
  5 leopard geckos
  55 orcs
  9 bats
  4 giant cockroaches
  2 gnoll zombies (Ossuary)
  7 goblins
  6 hobgoblins
  13 jackals
  3 quokkas
  3 ball pythons
  7 frilled lizards
  4 goblin zombies
  A hobgoblin zombie (Ossuary)
  3 jackal skeletons
  3 jackal zombies (Ossuary)
  10 kobolds
  9 kobold zombies
  A leopard gecko zombie (D:5)
  An orc zombie (Ossuary)
  5 quokka zombies (Ossuary)
  10 rats
  3 rat zombies (Ossuary)
  A fungus (Lair:5)
  2 plants
668 creatures vanquished.

Vanquished Creatures (collateral kills)
  A rime drake (Lair:5)
1 creature vanquished.

Vanquished Creatures (others)
  A killer bee (D:12)
  An orc (Orc:1)
  2 bushes (Lair:5)
  25 fungi
  22 plants
51 creatures vanquished.

Grand Total: 720 creatures vanquished

Notes
Turn   | Place    | Note
-------+----------+-------------------------------------------
     0 | D:1      | Zenonira the Formicid Fighter began the quest for the Orb.
     0 | D:1      | Reached XP level 1. HP: 18/18 MP: 1/1
   194 | D:1      | Reached XP level 2. HP: 24/24 MP: 2/2
   301 | D:1      | Reached XP level 3. HP: 29/29 MP: 3/3
   977 | D:2      | Reached skill level 3 in Axes
  1116 | D:2      | Reached XP level 4. HP: 35/35 MP: 4/4
  1337 | D:2      | Found a deep blue altar of Sif Muna.
  1642 | D:3      | Found a glowing golden altar of the Shining One.
  1657 | D:3      | Reached skill level 5 in Shields
  2237 | D:3      | Reached XP level 5. HP: 41/41 MP: 5/5
  2491 | D:4      | Noticed varam's ghost (novice GrFi)
  2626 | D:4      | Reached skill level 4 in Axes
  2638 | D:4      | HP: 2/41 [poisoned by a worker ant]
  3289 | D:5      | Entered Level 5 of the Dungeon
  3314 | D:5      | Noticed an ogre
  3322 | D:5      | Killed an ogre
  3322 | D:5      | Reached XP level 6. HP: 21/47 MP: 6/6
  3546 | D:5      | Reached skill level 5 in Axes
  3560 | D:5      | Found a sparkling altar of Nemelex Xobeh.
  3560 | D:5      | Found an opulent altar of Gozag.
  3566 | D:5      | Reached XP level 7. HP: 52/52 MP: 7/7
  4247 | D:5      | You fall through a shaft!
  4263 | D:6      | Reached skill level 6 in Axes
  4271 | D:6      | Reached XP level 8. HP: 48/58 MP: 8/8
  4766 | D:6      | Reached skill level 7 in Axes
  5174 | D:6      | Found a staircase to the Ecumenical Temple.
  5283 | Temple   | Entered the Ecumenical Temple
  5311 | Temple   | Became a worshipper of Cheibriados the Contemplative
  5408 | D:6      | Reached skill level 1 in Invocations
  5794 | D:7      | Reached XP level 9. HP: 59/64 MP: 9/11
  5849 | D:7      | Reached skill level 8 in Axes
  5872 | D:7      | Found a sand-covered staircase.
  5879 | Ossuary  | Entered an ossuary
  6006 | Ossuary  | Reached * piety under Cheibriados
  6179 | Ossuary  | Reached ** piety under Cheibriados
  6204 | Ossuary  | Reached skill level 5 in Invocations
  7083 | D:8      | Reached skill level 9 in Axes
  7101 | D:8      | Reached *** piety under Cheibriados
  7579 | D:8      | Reached XP level 10. HP: 64/70 MP: 15/15
  7660 | D:8      | Found a staircase to the Lair.
  7661 | D:8      | Noticed a komodo dragon
  7690 | D:8      | Killed a komodo dragon
  7757 | D:8      | Reached skill level 10 in Axes
  7945 | D:8      | Found a shimmering altar of Xom.
  7946 | D:8      | Found a stormy altar of Qazlal.
  8022 | D:8      | Reached **** piety under Cheibriados
  8131 | D:9      | Found a shattered altar of Ashenzari.
  8231 | D:9      | Found a sacrificial altar of Ru.
  8504 | D:9      | Found a burning altar of Makhleb.
  8504 | D:9      | Found a radiant altar of Vehumet.
  8601 | D:9      | Reached ***** piety under Cheibriados
  8729 | D:9      | Reached skill level 11 in Axes
  8729 | D:9      | Reached skill level 10 in Invocations
  8897 | D:9      | Reached XP level 11. HP: 64/75 MP: 18/18
  9151 | D:9      | Noticed a white ugly thing
  9162 | D:9      | Killed a white ugly thing
  9499 | D:9      | Found a blossoming altar of Fedhas.
  9621 | D:9      | Found a basalt altar of Yredelemnul.
  9831 | D:10     | Entered Level 10 of the Dungeon
  9859 | D:10     | Noticed a hill giant
  9867 | D:10     | Killed a hill giant
 10326 | D:10     | Found an iron altar of Okawaru.
 10439 | D:10     | Noticed a hill giant
 10447 | D:10     | Killed a hill giant
 10504 | D:10     | Found a portal to a secret trove of treasure.
 10573 | D:10     | Reached skill level 12 in Axes
 11230 | Lair:1   | Entered Level 1 of the Lair of Beasts
 11341 | Lair:1   | Noticed a five-headed hydra
 11442 | Lair:1   | Noticed a five-headed hydra
 11449 | Lair:1   | You fall through a shaft!
 12095 | Lair:2   | Reached XP level 12. HP: 81/81 MP: 21/21
 12864 | Lair:3   | Noticed a four-headed hydra
 12870 | Lair:3   | You fall through a shaft!
 13069 | Lair:4   | Reached ****** piety under Cheibriados
 13071 | Lair:4   | Reached skill level 13 in Axes
 13379 | Lair:4   | Noticed Rupert
 13412 | Lair:4   | Killed Rupert
 13926 | Lair:4   | Noticed a five-headed hydra
 13930 | Lair:4   | You fall through a shaft!
 13930 | Lair:5   | Noticed Josephine
 13956 | Lair:5   | Reached skill level 14 in Axes
 14071 | Lair:5   | Killed Josephine
 14151 | Lair:5   | Reached XP level 13. HP: 35/86 MP: 23/23
 14465 | Lair:5   | Reached skill level 15 in Invocations
 15133 | Lair:5   | Reached skill level 5 in Fighting
 15430 | Lair:5   | Noticed a four-headed hydra
 15443 | Lair:5   | Reached skill level 15 in Axes
 15450 | Lair:5   | Killed a nine-headed hydra
 15607 | Lair:5   | Noticed a four-headed hydra
 15652 | Lair:5   | Killed a 19-headed hydra
 15949 | Lair:5   | You fall through a shaft!
 15949 | Lair:6   | Entered Level 6 of the Lair of Beasts
 15972 | Lair:6   | Noticed a six-headed hydra
 16409 | Lair:5   | Found a staircase to the Slime Pits.
 16445 | Lair:5   | Noticed Kirke
 16468 | Lair:5   | Killed Kirke
 17007 | Lair:4   | You fall through a shaft for 2 floors!
 17355 | Lair:4   | Reached XP level 14. HP: 105/105 MP: 25/25
 18082 | Lair:1   | Got an ancient ring mail
 18093 | Lair:1   | Identified the +2 ring mail "Colax" {*Slow +Inv Int+3} (You found it on level 1 of the Lair of Beasts)
 18459 | Lair:1   | Got a pair of faintly humming gloves
 18470 | Lair:1   | Identified the cursed -4 pair of gloves of Inviolability {Str-5 Int-2 Dex+10} (You found it on level 1 of the Lair of Beasts)
 18905 | D:11     | Reached skill level 1 in Dodging
 18960 | D:11     | You fall through a shaft!
 18978 | D:11     | Reached skill level 16 in Axes
 19662 | D:11     | Reached skill level 10 in Fighting
 20512 | D:12     | Found a staircase to the Orcish Mines.
 20895 | D:12     | Noticed Nergalle
 20903 | D:12     | Killed Nergalle
 21224 | D:12     | Reached skill level 5 in Dodging
 21718 | D:12     | Reached XP level 15. HP: 81/119 MP: 26/26
 22774 | Orc:1    | Entered Level 1 of the Orcish Mines
 23253 | Orc:2    | Entered Level 2 of the Orcish Mines
 23395 | Orc:2    | Found a staircase to the Elven Halls.
 23600 | Orc:1    | Noticed an orc warlord
 23625 | Orc:1    | Killed an orc warlord
 23642 | Orc:1    | Killed from afar by an orc priest

Vault maps used:
D:1:      ncdulo_halloftheorcs
D:2:      kennysheep_big_flooded_room, lemuel_blue_sif_altar
D:3:      tso_oasis_becter, first_bread
D:4:      uniq_duvessa
D:5:      grunt_temple_overflow_opulence
D:7:      nicolae_ossuary_entry_giza, the_bakery
D:8:      minitemple, david_lair_shrubbed
D:9:      kennysheep_spiral_hall, grunt_temple_overflow_lords_of_destruction,
          fedhas_altar_fruit_tree, grunt_temple_overflow_open,
          lemuel_coloured_pillars_altar, nicolae_zen_rock_garden,
          minmay_fire_ice_demons
D:10:     enter_trove_2, okawaru_ov_weapons_minmay
D:11:     minmay_misc_feat_square, minmay_strange_pillars
D:12:     hangedman_what_comes_after_a, serial_glass, glass_columns_b,
          glass_columns_c, uniq_nergalle
Temple:   chequers_temple_sunken
Lair:3:   spider_nest_entry_web_field, patterned_corridor,
          infiniplex_staircase_pool_2
Lair:4:   shoals_dummy_entry, portal_ice_cave_entry_pillars_1, st_stairs_10,
          uniq_rupert
Lair:5:   nicolae_slime_entry_slimehenge, grunt_megastairs_5,
          serial_bayou_shore_a, uniq_josephine, uniq_kirke
Lair:6:   cheibrodos_lair_end_hotspot, disabler_island
Orc:1:    nicolae_orc_accident_2
Orc:2:    pf_orc_diabolical
Ossuary:  minmay_ossuary_two_tombs

Skill      XL: |  1  2  3  4  5  6  7  8  9 10 11 12 13 14 15 |
---------------+----------------------------------------------+-----
Shields        | 4 5 6 8 9 |  9.0
Axes           | 3 4 5 6 7 9 11 12 14 15 16 | 16.0
Invocations    | 2 7 10 12 14 15 | 15.0
Fighting       | 8 11 12 | 12.6
Dodging        | 5 7 |  7.4
Armour         | |  3.2

Action                   |  1- 3 |  4- 6 |  7- 9 | 10-12 | 13-15 || total
-------------------------+-------+-------+-------+-------+-------++-------
Melee: War axe           |   104 |   173 |   413 |   555 |  1003 ||  2248
Throw: Javelin           |       |       |       |     2 |    10 ||    12
Invok: Bend Time         |       |       |       |     2 |    10 ||    12
       Step From Time    |       |       |       |     1 |     3 ||     4
       Temporal Distorti |       |       |       |     1 |     1 ||     2
       Slouch            |       |       |       |       |     1 ||     1
 Abil: Dig               |       |       |     1 |     2 |     9 ||    12
       Shaft Self        |       |       |       |     3 |     2 ||     5
Evoke: Wand              |       |       |       |     1 |       ||     1
  Use: Scroll            |       |    14 |     8 |     3 |     4 ||    29
       Potion            |       |       |       |     1 |     1 ||     2
 Stab: Sleeping          |       |       |     1 |     4 |     6 ||    11
       Distracted        |       |       |       |     3 |     9 ||    12
  Eat: Chunk             |     1 |     3 |    20 |    18 |    17 ||    59
       Bread ration      |       |     1 |       |       |       ||     1
Armor: Scale mail        |    37 |   100 |    84 |       |       ||   221
       Ring mail         |       |       |    22 |   105 |   373 ||   500
       Skin              |       |       |       |       |     6 ||     6
Dodge: Dodged            |    36 |    63 |   128 |   186 |   591 ||  1004
Block: Shield            |    52 |   109 |   267 |   352 |   788 ||  1568
